 Dungeon Crawl Stone Soup version 0.19.0-17-g07987d3 (webtiles) character file.

36673 Leszczynek the Zephyrmancer (level 13, 0/78 HPs)
             Began as a Tengu Air Elementalist on Nov 11, 2016.
             Was a High Priest of Sif Muna.
             Slain by a yak (1 damage)
             ... on level 6 of the Lair of Beasts.
             The game lasted 01:53:21 (27775 turns).

Leszczynek the Zephyrmancer (TeAE)                 Turns: 27775, Time: 01:53:22

Health: 0/78       AC:  7    Str: 11    XL:     13   Next: 91%
Magic:  23/24      EV:  2    Int: 21    God:    Sif Muna [*****.]
Gold:   1128       SH:  0    Dex: 16    Spells: 8 memorised, 5 levels left

rFire  + . .     SeeInvis .     a - +1 scimitar (flame)
rCold  + . .     Gourm    .     H - +2 robe {rC+ rF+}
rNeg   + + +     Faith    +     (no shield)
rPois  ∞         Spirit   .     l - +2 hat
rElec  .         Reflect  .     M - +0 cloak
rCorr  .         Harm     .     (no gloves)
MR     .....                    (boots unavailable)
Stlth  +++.......               y - amulet of faith
                                V - ring "Esisuaj" {EV+3 Str+2 Int+2}
                                s - +5 ring of evasion

@: petrified, studying Necromancy
A: beak, talons 3, able to fly 1
a: Fly, Divine Energy, Channel Magic, Forget Spell, Renounce Religion


You were on level 6 of the Lair of Beasts.
You worshipped Sif Muna.
Sif Muna was extremely pleased with you.
You were near starving.

You visited 3 branches of the dungeon, and saw 18 of its levels.
You also visited: Ice Cave.

You collected 1128 gold pieces.

Inventory:

Hand Weapons
 a - a +1 scimitar of flaming (weapon)
 b - a +2 rapier of venom
Missiles
 I - 2 throwing nets (quivered)
Armour
 l - a +2 hat (worn)
 u - the +3 robe of Ysuugeing {rN+ Stlth+}
   (You found it on level 4 of the Dungeon)

   It protects you from negative energy.
   It makes you more stealthy.
 H - a +2 robe of resistance (worn)
 L - a +0 buckler
 M - a +0 cloak (worn)
Magical Staves
 c - an uncursed staff of wizardry
Jewellery
 s - a +5 ring of evasion (left hand)
 y - an amulet of faith (around neck)
 K - an uncursed ring of resist corrosion
 O - an uncursed ring of ice
 V - the ring "Esisuaj" (right hand) {EV+3 Str+2 Int+2}
   (You took it off a crimson imp on level 9 of the Dungeon)

   [ring of evasion]

   It affects your evasion (+3).
   It affects your strength (+2).
   It affects your intelligence (+2).
Wands
 w - a wand of digging (13/24)
 A - a wand of confusion (34/48)
 F - a wand of paralysis (12/24)
 P - a wand of lightning (9/15)
 S - a wand of digging (10/24)
Scrolls
 i - 4 scrolls of magic mapping
 r - 3 scrolls of remove curse
 x - 2 scrolls of blinking
 B - a scroll of fear
 D - 3 scrolls of enchant weapon
 E - 2 scrolls of fog
 Q - a scroll of teleportation
Potions
 e - a potion of cure mutation
 g - 2 potions of brilliance
 h - 2 potions of magic
 k - a potion of berserk rage
 n - 3 potions of might
 o - 2 potions of agility
 p - a potion of resistance
 q - 7 potions of curing
 t - a potion of heal wounds
 v - a potion of lignification
 z - 2 potions of degeneration {unknown}
 J - a potion of ambrosia {unknown}
Books
 C - a manual of Necromancy
Miscellaneous
 G - a fan of gales
 N - a phantom mirror
 X - a lamp of fire
Comestibles
 d - 7 bread rations
 f - 7 meat rations
 m - 10 beef jerkies


   Skills:
 - Level 8.0 Fighting
 - Level 11.7 Long Blades
 - Level 9.0 Dodging
 - Level 4.2 Stealth
 * Level 4.2 Shields
 - Level 7.1 Spellcasting
 - Level 11.5 Conjurations
 - Level 3.1 Hexes
 - Level 3.1 Charms
 + Level 5.3 Necromancy
 - Level 3.5 Translocations
 - Level 12.4 Air Magic


You had 5 spell levels left.
You knew the following spells:

 Your Spells              Type           Power        Failure   Level  Hunger
a - Shock                 Conj/Air       ####         1%          1    None
b - Static Discharge      Conj/Air       ######..     1%          3    #......
c - Swiftness             Chrm/Air       #####...     1%          2    None
d - Lightning Bolt        Conj/Air       ######....   1%          5    #####..
e - Blink                 Tloc           N/A          3%          2    None
f - Spectral Weapon       Hex/Chrm       ###.....     10%         3    #......
q - Regeneration          Chrm/Necr      ####......   4%          3    #......
w - Repel Missiles        Chrm/Air       #####.       1%          2    None


Dungeon Overview and Level Annotations

Branches:
Dungeon (11/15)            Temple (1/1) D:7            Lair (6/6) D:10
 Shoals (0/4) Lair:2       Spider (0/4) Lair:4        Slime (0/5) Lair:5
    Orc (0/2) D:10

Altars:
Dithmenos
Elyvilon
Fedhas
Gozag
Hepliaklqana
Kikubaaqudgha
Makhleb
Nemelex Xobeh
Okawaru
Qazlal
Ru
Sif Muna
Trog
Uskayaw
Vehumet
Xom
Yredelemnul
The Shining One
Jiyva

Annotations:
D:2 exclusion: adder
D:6 1 exclusion
D:8 exclusions: adder, 2 killer bees, orc priest, orc wizard and 2 more exclusions, Joseph
D:9 Gastronok
D:10 4 exclusions, Sonja
D:11 cyan ugly thing, death knight, skeletal warrior(s)


Innate Abilities, Weirdness & Mutations

You have a beak for a mouth.
You have claws for feet.
You can fly.


Message History

The yak gores you!
You have turned to stone.
The basilisk bites you! The yak gores you! The yak misses your spectral weapon.
The basilisk bites you! The yak gores your spectral weapon!
Your spectral weapon shares its damage with you!
The basilisk bites you! The yak gores you. The yak gores you!
The basilisk bites you. The yak gores you. x2
The yak gores you but does no damage. The basilisk bites you!
* * * LOW HITPOINT WARNING * * *
The yak gores you.
* * * LOW HITPOINT WARNING * * *
The yak gores you. x2
The basilisk bites you!
* * * LOW HITPOINT WARNING * * *
The yak gores you!
* * * LOW HITPOINT WARNING * * *
The yak gores you!
* * * LOW HITPOINT WARNING * * *
The yak gores you.
You die...

# ..# # .?.# .......# ..
# ...## .'....## ..⌠
##....# #.....P##..
.....##### #........##+
≈..≈......###.......#...
≈≈≈≈≈......$....Y.......
≈≈≈≈≈..........YlY...⌠.<
≈≈≈≈≈≈.........(@Y......
≈..≈≈≈≈.+##.[......###.⌠
≈<.≈≈≈≈≈..##......######
≈.÷≈≈≈≈≈.....##...##...#
≈≈≈≈≈≈≈.............P...
≈≈≈≈≈≈.......#../.......
≈≈≈≈≈.......###....##...
.....#.#..+#.#....#..#.
P.....###..#.##...####


You could see 4 yaks, a basilisk and a friendly spectral scimitar of flaming.

Vanquished Creatures
  Josephine (Lair:5)
  Fannar (D:9)
  4 hydras
  Erolcha (D:10)
  Erica (D:9)
  A death yak (Lair:2)
  A hill giant (D:10)
  Pikel (D:5)
  A manticore (Lair:2)
  3 elephants (Lair:1)
  Maurice (D:9)
  A torpor snail (Lair:4)
  2 black mambas
  A gargoyle (D:10)
  6 spiny frogs
  3 rime drakes
  7 komodo dragons
  A hornet (D:9)
  3 trolls (D:9)
  7 polar bears
  3 blink frogs
  8 hippogriffs
  43 yaks
  A tarantella (Lair:4)
  4 basilisks
  4 wraiths
  3 fire bats (Lair:1)
  2 wyverns
  Grum (D:9)
  A hungry ghost (D:11)
  Menkaure (D:4)
  A soldier ant (D:11)
  10 water moccasins
  5 porcupines
  Duvessa (D:6)
  2 ice beasts (D:9)
  8 orc warriors
  4 slaves (D:5)
  6 black bears
  2 necrophages
  3 sky beasts
  7 ogres
  A phantom (D:9)
  8 crocodiles
  8 wolves
  4 centaurs
  2 big kobolds (D:11)
  13 bullfrogs
  Blork the orc (D:4)
  Dowan (D:6)
  A wyvern zombie (D:10)
  4 scorpions
  A killer bee (D:8)
  5 howler monkeys
  An electric eel (D:10)
  6 crimson imps
  A centaur zombie (D:9)
  2 bullfrog zombies
  10 hounds
  3 jellies
  9 orc priests
  Crazy Yiuf (D:7)
  2 bullfrog skeletons
  A gnoll shaman (D:8)
  7 iguanas
  6 orc wizards
  3 hell rats (Lair:3)
  9 worker ants
  A killer bee zombie (D:8)
  4 gnolls (D:3)
  12 adders
  4 shadow imps
  12 white imps (D:11)
  An adder zombie (D:5)
  An ooze (D:2)
  An adder skeleton (D:9)
  3 worms (D:3)
  2 dart slugs
  5 leopard geckos
  39 orcs
  3 ball pythons
  9 giant cockroaches
  4 goblins
  10 hobgoblins
  A jackal (D:5)
  8 quokkas
  9 bats
  4 frilled lizards
  A jackal zombie (D:5)
  20 kobolds
  4 leopard gecko skeletons
  6 rats
441 creatures vanquished.

Vanquished Creatures (others)
  An orc (D:10)
  3 fungi
  8 plants
  A spectral weapon (Lair:4)
13 creatures vanquished.

Grand Total: 454 creatures vanquished

Notes
Turn   | Place    | Note
-------+----------+-------------------------------------------
     0 | D:1      | Leszczynek the Tengu Air Elementalist began the quest for the Orb.
     0 | D:1      | Reached XP level 1. HP: 10/10 MP: 4/4
     5 | D:1      | XD
     5 | D:1      | good start
   120 | D:1      | XD
   120 | D:1      | d1 blue items
   275 | D:1      | Reached XP level 2. HP: 15/15 MP: 1/6
   581 | D:1      | Reached skill level 5 in Air Magic
   859 | D:1      | Reached skill level 2 in Conjurations
   987 | D:1      | Reached XP level 3. HP: 12/19 MP: 2/7
  1112 | D:1      | Learned a level 3 spell: Static Discharge
  1604 | D:2      | Reached skill level 3 in Conjurations
  1662 | D:2      | Found a shadowy altar of Dithmenos.
  1666 | D:2      | Found a shimmering altar of Xom.
  1669 | D:2      | Found a bloodstained altar of Trog.
  1934 | D:3      | Reached skill level 4 in Conjurations
  1934 | D:3      | Reached XP level 4. HP: 8/24 MP: 0/8
  2608 | D:3      | Reached skill level 1 in Fighting
  2631 | D:3      | Gained mutation: You can fly. [Tengu growth]
  2631 | D:3      | Reached XP level 5. HP: 29/29 MP: 0/9
  2845 | D:3      | You fall through a shaft for 2 floors!
  2845 | D:5      | Entered Level 5 of the Dungeon
  2863 | D:5      | Reached skill level 3 in Dodging
  2903 | D:5      | Learned a level 2 spell: Swiftness
  3013 | D:5      | Found an ancient bone altar of Kikubaaqudgha.
  3238 | D:3      | Reached skill level 2 in Fighting
  3587 | D:3      | Reached skill level 1 in Charms
  3707 | D:3      | Reached XP level 6. HP: 35/35 MP: 7/10
  3783 | D:3      | Reached skill level 5 in Conjurations
  3816 | D:3      | Found an opulent altar of Gozag.
  4274 | D:4      | Noticed Menkaure
  4301 | D:5      | Noticed a sky beast
  4302 | D:5      | well great
  4331 | D:5      | Killed a sky beast
  4347 | D:5      | You fall through a shaft for 3 floors!
  4348 | D:8      | ...
  4363 | D:8      | Reached skill level 6 in Conjurations
  4369 | D:8      | Reached skill level 6 in Air Magic
  4451 | D:8      | Found a basalt altar of Yredelemnul.
  4497 | D:8      | Reached XP level 7. HP: 31/40 MP: 5/11
  4639 | D:8      | Found a blossoming altar of Fedhas.
  5003 | D:6      | Noticed Duvessa
  5026 | D:7      | Reached skill level 7 in Conjurations
  5338 | D:7      | Reached skill level 7 in Air Magic
  5542 | D:5      | Reached skill level 3 in Fighting
  5686 | D:5      | Found a sacrificial altar of Ru.
  6032 | D:5      | Noticed Pikel
  6078 | D:5      | Killed Pikel
  6078 | D:5      | Reached skill level 4 in Fighting
  6078 | D:5      | Reached skill level 3 in Spellcasting
  6078 | D:5      | Reached XP level 8. HP: 41/48 MP: 9/14
  6307 | D:5      | Reached skill level 4 in Spellcasting
  6662 | D:4      | Got an ancient robe
  6688 | D:4      | Killed Menkaure
  6688 | D:4      | Reached skill level 5 in Fighting
  6688 | D:4      | Reached skill level 4 in Dodging
  7140 | D:4      | Noticed Blork the orc
  7173 | D:4      | Killed Blork the orc
  7454 | D:6      | Reached skill level 8 in Air Magic
  7455 | D:6      | Reached XP level 9. HP: 51/54 MP: 16/16
  7566 | D:6      | Learned a level 5 spell: Lightning Bolt
  7569 | D:6      | Learned a level 2 spell: Repel Missiles
  7572 | D:6      | Learned a level 2 spell: Blink
  7589 | D:6      | 5 helmets already
  7782 | D:6      | Killed Duvessa
  7794 | D:6      | Noticed Dowan
  7922 | D:6      | Killed Dowan
  8108 | D:6      | Found a sparkling altar of Nemelex Xobeh.
  8329 | D:7      | Reached skill level 8 in Conjurations
  8329 | D:7      | Reached skill level 9 in Air Magic
  8499 | D:7      | Found a staircase to the Ecumenical Temple.
  8559 | Temple   | Entered the Ecumenical Temple
  8563 | Temple   | better late than never
  8570 | Temple   | Became a worshipper of Sif Muna the Loreminder
  8793 | D:7      | Found a runed door.
  8798 | D:7      | Noticed Crazy Yiuf
  8802 | D:7      | Killed Crazy Yiuf
  8926 | D:8      | Noticed Joseph
  8975 | D:8      | Reached skill level 5 in Dodging
  9420 | D:8      | Reached skill level 9 in Conjurations
  9872 | D:9      | Found a faded altar of an unknown god.
  9872 | D:9      | Found a faded altar of an unknown god.
  9877 | D:9      | Found a white marble altar of Elyvilon.
  9879 | D:9      | Found a faded altar of an unknown god.
  9879 | D:9      | Noticed a troll
  9893 | D:9      | Killed a troll
  9893 | D:9      | Reached skill level 10 in Conjurations
 10000 | D:9      | Found a faded altar of an unknown god.
 10016 | D:9      | Noticed Gastronok
 10188 | D:9      | Noticed a hornet
 10195 | D:9      | Killed a hornet
 10195 | D:9      | Reached skill level 6 in Dodging
 10203 | D:9      | Reached * piety under Sif Muna
 10203 | D:9      | Reached XP level 10. HP: 49/59 MP: 12/17
 10205 | D:9      | Reached skill level 11 in Conjurations
 10385 | D:9      | Noticed Erica
 10386 | D:9      | please
 10485 | D:9      | Noticed Maurice
 10493 | D:10     | Entered Level 10 of the Dungeon
 10523 | D:10     | Noticed Fannar
 10568 | D:10     | Noticed Sonja
 10624 | D:10     | Noticed Erolcha
 10635 | D:10     | I AM INVINCIBLE
 10640 | D:10     | Killed Erolcha
 10640 | D:10     | Reached skill level 7 in Dodging
 10640 | D:10     | Reached skill level 10 in Air Magic
 10926 | D:9      | Reached skill level 3 in Stealth
 11061 | D:9      | Killed Maurice
 11061 | D:9      | Reached skill level 4 in Stealth
 11088 | D:9      | fuck off
 11304 | D:9      | COME ON
 11313 | D:9      | Killed Erica
 11313 | D:9      | Reached skill level 6 in Fighting
 11314 | D:9      | E A S Y
 11427 | D:9      | Reached skill level 7 in Fighting
 11841 | D:9      | Reached XP level 11. HP: 59/67 MP: 0/19
 12053 | D:8      | Reached skill level 5 in Spellcasting
 12112 | D:9      | Reached ** piety under Sif Muna
 12303 | D:9      | Reached skill level 6 in Spellcasting
 12874 | D:9      | Reached skill level 1 in Translocations
 13091 | D:9      | Killed Fannar
 13091 | D:9      | Reached skill level 2 in Translocations
 13285 | D:9      | Got a faintly glowing pewter ring
 13290 | D:9      | -cast time
 13291 | D:9      | Identified the ring "Esisuaj" {EV+3 Str+2 Int+2} (You took it off a crimson imp on level 9 of the Dungeon)
 13343 | D:9      | Reached skill level 3 in Translocations
 13481 | D:9      | lightning bolt
 13481 | D:9      | spend 5 MP to do nothing and get more hungry
 14507 | D:9      | Reached *** piety under Sif Muna
 14507 | D:9      | Reached skill level 11 in Air Magic
 14902 | D:10     | ...
 14971 | D:10     | Found a staircase to the Lair.
 15378 | D:10     | Noticed a hill giant
 15391 | D:10     | Killed a hill giant
 15661 | D:11     | Identified the +3 robe of Ysuugeing {rN+ Stlth+} (You found it on level 4 of the Dungeon)
 15757 | D:11     | Found a frozen archway.
 15817 | D:11     | Reached skill level 1 in Long Blades
 16000 | IceCv    | Entered an ice cave
 16001 | IceCv    | uh huh
 16001 | IceCv    | bye
 16115 | D:11     | Reached skill level 2 in Long Blades
 16215 | D:11     | Noticed a cyan ugly thing
 16404 | D:11     | Learned a level 3 spell: Spectral Weapon
 16490 | D:11     | d:11, finally able to kill a sky beast
 16490 | D:11     | woo
 16818 | D:11     | Reached skill level 3 in Long Blades
 17050 | D:11     | Noticed a skeletal warrior
 17051 | D:11     | Noticed a death knight
 17052 | D:11     | ohhhh boy
 17055 | D:11     | i choose electric eels instead
 17123 | D:10     | Reached skill level 1 in Hexes
 17268 | D:10     | Found a staircase to the Orcish Mines.
 17371 | D:10     | XD
 17371 | D:10     | 11 (ELEVEN) misses in a row, with a 6# power lightning bolt, against an orc priest
 17371 | D:10     | amazing
 17371 | D:10     | this is the first spell i'll use amnesia on
 17371 | D:10     | it does absolutely nothing
 17504 | D:10     | meanwhile 4 casts of shock did the job
 17504 | D:10     | what a surprise
 17913 | Lair:1   | Entered Level 1 of the Lair of Beasts
 17924 | Lair:1   | Reached skill level 4 in Long Blades
 18201 | D:10     | Reached XP level 12. HP: 39/72 MP: 22/22
 18320 | D:9      | Noticed Grum
 18522 | D:9      | Reached skill level 2 in Hexes
 18527 | D:9      | Reached skill level 5 in Long Blades
 18789 | D:9      | Killed Grum
 18887 | D:9      | 30 ev!
 19257 | D:10     | 38 EV
 19257 | D:10     | let's see how this goes
 19317 | D:10     | and sonja?
 19445 | D:10     | Reached **** piety under Sif Muna
 19467 | Lair:1   | Reached skill level 6 in Long Blades
 19930 | Lair:1   | Reached skill level 2 in Charms
 20250 | Lair:1   | Reached skill level 7 in Long Blades
 20607 | Lair:1   | Reached skill level 8 in Long Blades
 20607 | Lair:1   | Reached skill level 3 in Charms
 21381 | Lair:1   | Reached skill level 8 in Fighting
 21444 | Lair:1   | Reached skill level 8 in Dodging
 21483 | Lair:1   | Reached skill level 9 in Long Blades
 21838 | Lair:1   | Noticed a five-headed hydra
 21853 | Lair:1   | Killed a one-headed hydra
 22100 | Lair:2   | Reached skill level 3 in Hexes
 22252 | Lair:2   | Reached XP level 13. HP: 73/78 MP: 21/23
 22637 | Lair:2   | Reached skill level 10 in Long Blades
 23010 | Lair:2   | Found a staircase to the Shoals.
 23096 | Lair:1   | Reached skill level 9 in Dodging
 23915 | Lair:3   | Reached ***** piety under Sif Muna
 24004 | Lair:3   | Received a gift from Sif Muna
 25017 | Lair:3   | Reached skill level 11 in Long Blades
 25017 | Lair:3   | Reached skill level 12 in Air Magic
 25409 | Lair:4   | Reached skill level 7 in Spellcasting
 25616 | Lair:4   | Learned a level 3 spell: Regeneration
 26004 | Lair:4   | Reached skill level 1 in Necromancy
 26081 | Lair:4   | Found a hole to the Spider Nest.
 26339 | Lair:4   | Reached skill level 2 in Necromancy
 26625 | Lair:5   | Found a staircase to the Slime Pits.
 26626 | Lair:5   | Found a viscous altar of Jiyva.
 26693 | Lair:5   | Reached skill level 3 in Necromancy
 26697 | Lair:5   | Reached skill level 1 in Shields
 26916 | Lair:5   | Reached skill level 2 in Shields
 27306 | Lair:6   | Entered Level 6 of the Lair of Beasts
 27312 | Lair:6   | Noticed Josephine
 27431 | Lair:6   | .....?!?!?!!?
 27433 | Lair:5   | amazing
 27435 | Lair:5   | Reached skill level 4 in Necromancy
 27438 | Lair:5   | Killed Josephine
 27438 | Lair:5   | Reached skill level 3 in Shields
 27736 | Lair:6   | Reached skill level 5 in Necromancy
 27738 | Lair:6   | Reached skill level 4 in Shields
 27775 | Lair:6   | HP: 5/78 [yak (6)]
 27775 | Lair:6   | HP: 1/78 [yak (4)]
 27775 | Lair:6   | Slain by a yak

Skill      XL: |  1  2  3  4  5  6  7  8  9 10 11 12 13 |
---------------+----------------------------------------+-----
Air Magic      | 5 6 7 8 9 10 11 12 | 12.4
Conjurations   | 2 4 6 7 10 11 | 11.5
Fighting       | 1 2 4 5 7 8 |  8.0
Dodging        | 3 4 6 7 8 9 |  9.0
Charms         | 1 3 |  3.1
Spellcasting   | 3 4 6 7 |  7.1
Stealth        | 4 |  4.2
Translocations | 3 |  3.5
Long Blades    | 4 9 11 | 11.7
Hexes          | 1 3 |  3.1
Necromancy     | 5 |  5.3
Shields        | 4 |  4.2

Action                   |  1- 3 |  4- 6 |  7- 9 | 10-12 | 13-15 || total
-------------------------+-------+-------+-------+-------+-------++-------
Melee: Short sword       |     9 |    18 |    25 |    87 |       ||   139
       Kick              |     1 |     2 |     4 |   106 |    95 ||   208
       Peck              |       |     3 |     4 |    70 |    63 ||   140
       Scimitar          |       |       |       |   208 |   237 ||   445
 Cast: Shock             |    95 |   143 |   285 |   216 |    55 ||   794
       Static Discharge  |       |       |    32 |   211 |    16 ||   259
       Swiftness         |       |       |     1 |       |       ||     1
       Lightning Bolt    |       |       |     6 |    38 |    16 ||    60
       Repel Missiles    |       |       |     1 |     1 |       ||     2
       Blink             |       |       |       |     2 |       ||     2
       Spectral Weapon   |       |       |       |     1 |    27 ||    28
 Abil: Fly               |       |     2 |    13 |    44 |    19 ||    78
Evoke: Wand              |       |       |     3 |    11 |       ||    14
  Use: Scroll            |     9 |     2 |     7 |    12 |     7 ||    37
       Potion            |       |     3 |       |     4 |     1 ||     8
 Stab: Sleeping          |       |       |     1 |     4 |     4 ||     9
       Distracted        |       |       |       |     1 |     2 ||     3
  Eat: Chunk             |     5 |     8 |    20 |    36 |    15 ||    84
       Royal jelly       |       |     1 |       |       |       ||     1
       Fruit             |       |       |     4 |     2 |     3 ||     9
       Bread ration      |       |       |     1 |     5 |     1 ||     7
       Beef jerky        |       |       |     1 |       |     1 ||     2
       Pizza             |       |       |       |     1 |       ||     1
Armor: Robe              |     6 |     3 |    14 |    65 |    16 ||   104
       Skin              |       |       |       |       |    14 ||    14
Dodge: Dodged            |    39 |    57 |   156 |   640 |   252 ||  1144
       Deflected         |       |       |     2 |     7 |       ||     9
       Rpst.: Scimitar   |       |       |       |   101 |    81 ||   182
